 Dungeon Crawl Stone Soup version 0.30-a0-930-gb9d0489357 (webtiles) character file.

Game seed: 7208334133366191842

69 tilp the Trooper (level 4, -2/40 HPs)
             Began as a Meteoran Fighter on Mar 23, 2023.
             Slain by Sigmund
             ... wielding a +2 scythe of protection
              (9 damage)
             ... on level 3 of the Dungeon.
             The game lasted 00:02:41 (494 turns).

tilp the Trooper (Meteoran Fighter)                  Turns: 494, Time: 00:02:42

Health: -2/40      AC:  8    Str: 17    XL:     4   Next: 70%
Magic:  5/5        EV: 10    Int:  9    God:
Gold:   57         SH:  6    Dex: 22    Spells: 3/3 levels left

rFire   . . .      SeeInvis .    a - +0 long sword
rCold   . . .      Faith    .    c - +0 buckler
rNeg    . . .      Spirit   .    b - +0 scale mail
rPois   .          Reflect  .    (no helmet)
rElec   .          Rampage  .    j - +0 cloak
rCorr   .                        (no gloves)
Will    .....                    (no boots) Stlth
                                 (no amulet)
HPRegen 0.26/turn                e - +6 ring of dexterity
MPRegen 0.09/turn                (no ring)

@: mighty, glowing
A: sense surroundings 1, otherworldly, glowing, explore regen
a: no special abilities


You were on level 3 of the Dungeon.
You visited 1 branch of the dungeon, and saw 4 of its levels.

You collected 57 gold pieces.

Inventory:

Hand Weapons
 a - a +0 long sword (weapon)
Missiles
 f - 6 curare-tipped darts
 g - 22 stones (quivered)
Armour
 b - a +0 scale mail (worn)
 c - a +0 buckler (worn)
 j - a +0 cloak (worn)
Jewellery
 e - a +6 ring of dexterity (left hand)
Scrolls
 h - 3 scrolls of blinking {unknown}
 i - a scroll of noise {unknown}
 k - a scroll of enchant armour {unknown}
 l - a scroll of magic mapping
 m - a scroll of immolation {unknown}
 n - a scroll of amnesia {unknown}
 o - a scroll of fog {unknown}


   Skills:
 - Level 4.0 Fighting
 + Level 4.0 Long Blades
 - Level 3.6 Armour
 - Level 2.0 Dodging
 - Level 3.6 Shields


You had 3 spell levels left.
You didn't know any spells.
Your spell library was empty.

Dungeon Overview and Level Annotations

Branches:
Dungeon (4/15) Zot: 1878
 Temple: D:4-7

Altars:

Annotations:
D:3 Sigmund


Innate Abilities, Weirdness & Mutations

You passively map a small area around you.
You are easily found by Zot.
You glow in the dark.
You regain HP and MP as you explore.


Message History

Found a book of Callings.
Sigmund barely misses you.
You hit Sigmund.
Sigmund is lightly wounded.
You hit Sigmund.
Sigmund is lightly wounded.
Sigmund points at you and mumbles some strange words.
You block the puff of flame.
You hit Sigmund but do no damage.
Sigmund is lightly wounded.
Sigmund barely misses you.
You completely miss Sigmund.
Sigmund is lightly wounded.
Sigmund misses you.
You hit Sigmund.
Sigmund is moderately wounded.
Sigmund gestures at you while chanting.
You are confused.
You closely miss Sigmund.
Sigmund is moderately wounded.
Sigmund hits you with a +2 scythe of protection.
Sigmund attacks as you move away!
Sigmund hits you with a +2 scythe of protection!
Sigmund says, "Look into my eyes."
Sigmund casts a spell at you. The magic dart hits you.
You bump into the rock wall.
Sigmund gestures at you while chanting. The puff of flame hits you!
* * * LOW HITPOINT WARNING * * *
Sigmund hits you with a +2 scythe of protection.
* * * LOW HITPOINT WARNING * * *
You bump into the rock wall.
You miss Sigmund.
Sigmund is moderately wounded.
Sigmund hits you with a +2 scythe of protection.
* * * LOW HITPOINT WARNING * * *
You bump into the rock wall.
You feel less confused.
Sigmund hits you with a +2 scythe of protection!
You die...

,* **,,,*,***********,*** *,, ,*
*****,* *,,,,,* *,* ,** *,*
*,***,* *,* ,,** ##+## *,* *,*
*,* ,,,* ##...## *,*##,* *,* ,,**
##.<...## *,..,,* *,* ,**
##......†## **:#.#** *,*
,***#.........####....##*******,,
,,,,+.........'.@@r.....,,,,,,,,,
,,,*#........>####r.....,,*****,,
,,,*##.......## **...##*,* *,,
,,,* ##.....## ***..# *,* ***
,,** ##...## *,,,.#**,* *** ##'##
*,*,,..,,* #.# *,****#*** #†# *,*
##.## *,*


You could see Sigmund and 2 rats.

Vanquished Creatures
  Jessica (D:2)
  An adder (D:2)
  A worm (D:2)
  A dart slug (D:3)
  2 endoplasms (D:1)
  A giant cockroach (D:2)
  4 goblins
  4 hobgoblins
  3 quokkas
  3 ball pythons
  2 bats
  2 frilled lizards (D:2)
  2 kobolds (D:2)
  A rat (D:1)
28 creatures vanquished.

Notes
Turn   | Place    | Note
-------+----------+-------------------------------------------
     0 | D:1      | tilp the Meteoran Fighter began the quest for the Orb.
     0 | D:1      | Reached XP level 1. HP: 19/19 MP: 2/2
    53 | D:1      | Reached XP level 2. HP: 24/26 MP: 3/3
   102 | D:1      | Reached skill level 1 in Dodging
   202 | D:2      | Reached XP level 3. HP: 26/33 MP: 4/4
   216 | D:2      | Noticed Jessica
   221 | D:2      | Killed Jessica
   222 | D:2      | Reached XP level 4. HP: 40/40 MP: 5/5
   441 | D:3      | Found a faded altar of an unknown god.
   478 | D:3      | Noticed Sigmund
   494 | D:3      | Slain by Sigmund

Illustrated notes

Levels and vault maps discovered:
D:1:      shiori_arrival_maze, layout_loops_cross
D:2:      layout_rooms, serial_shops, shop, uniq_jessica, uniq_terence
D:3:      cheibrodos_thug_alley, layout_loops_corners,
          ebering_ecumenical_altar_mist, uniq_sigmund
D:4:      layout_rooms, gammafunk_temple_overflow_elements, uniq_edmund,
          uniq_robin

Skill      XL: |  1  2  3  4 |
---------------+-------------+-----
Dodging        | 1 2 |  2.0
Long Blades    | 3 4 |  4.0
Fighting       | 4 |  4.0
Armour         | |  3.6
Shields        | |  3.6

Action                     |  1- 3 |  4- 6 || total
---------------------------+-------+-------++-------
  Melee: Long sword        |    41 |    61 ||   102
    Use: Scroll            |       |     1 ||     1
         Potion            |       |     1 ||     1
 Armour: Scale mail        |    19 |    40 ||    59
  Dodge: Dodged            |    16 |    40 ||    56
  Block: Buckler           |    11 |    25 ||    36

Table legend: (Time is in decaauts)
 A = Elapsed time spent in this place.
 B = Non-inter-level travel time spent in this place.
 C = Inter-level travel time spent in this place.
 D = Time resting spent in this place.
 E = Time spent auto-exploring this place.
 F = Levels seen in this place.
 G = Mean time per level.
                   A        B        C        D        E       F      G
               +--------+--------+--------+--------+--------+-----+--------+
         Total |    520 |    445 |     75 |      0 |      0 |   4 |  130.0 |
       Dungeon |    520 |    445 |     75 |      0 |      0 |   4 |  130.0 |
               +--------+--------+--------+--------+--------+-----+--------+

Top non-repeatable levels by time:
     D:1: 199 daAuts
     D:2: 199 daAuts
     D:3: 113 daAuts
     D:4: 8 daAuts
